 Dungeon Crawl Stone Soup version 0.31-b1-20-g67cafac56d (webtiles) character file.

Game seed: 4221138174422712856

5397 safid the Grappler (level 10, -2/79 HPs)
             Began as a White Draconian Shapeshifter on Jan 17, 2024.
             Was a Follower of Wu Jian.
             Slain by a fire bat (6 damage)
             ... on level 9 of the Dungeon.
             The game lasted 00:23:40 (9429 turns).

safid the Grappler (White Draconian Shapeshifter)   Turns: 9429, Time: 00:23:40

Health: -2/79      AC:  7    Str: 21    XL:     10   Next: 40%
Magic:  0/10       EV: 12    Int: 11    God:    Wu Jian [*.....]
Gold:   555        SH:  0    Dex: 10    Spells: 9/9 levels left

rFire   . .          .
                       - Unarmed
rCold   + + .        (no shield)
rNeg    . . .        (body armour unavailable)
rPois   +            (helmet currently unavailable)
rElec   .            (cloak currently unavailable)
rCorr   .            (gloves currently unavailable)
SInv    .            (boots currently unavailable)
Will    .....        a - amulet "Osueqam" {Spirit rC+}
Stlth   +            t - ring of poison resistance
HPRegen 0.33/turn    (no ring)
MPRegen 0.12/turn

%: guardian spirit
@: beast-form, hasted, very quick
A: beast (slay +4), breathe frost, AC +7, unfitting armour, cold resistance 1,
cold-blooded
a: Breathe Frost, Begin Untransformation, Renounce Religion


You were on level 9 of the Dungeon.
You worshipped Wu Jian.
Wu Jian was aware of your devotion.
You were a hulking beast.
You visited 2 branches of the dungeon, and saw 10 of its levels.
You also visited: Sewer.

You collected 555 gold pieces.

Inventory:

Armour
 d - the +2 robe of the Heavens {rC+ Str+4 Archmagi}
   (You found it on level 6 of the Dungeon)

   Str+4:     It affects your strength (+4).
   rC+:       It protects you from cold.
   Archmagi:  It increases the power of your magical spells.
 u - a +0 cloak
Jewellery
 a - the amulet "Osueqam" (around neck) {Spirit rC+}
   (You found it in a sewer)

   [amulet of guardian spirit]

   Spirit:    It causes incoming damage to be divided between your reserves of
   health and magic.
   rC+:       It protects you from cold.
 t - a ring of poison resistance (left hand)
Talismans
 b - a beast talisman
 c - a flux talisman
 g - a blade talisman
Wands
 k - a wand of quicksilver (21)
 y - a wand of flame (18)
 E - a wand of polymorph (6)
Scrolls
 e - 5 scrolls of identify
 f - a scroll of brand weapon {unknown}
 i - a scroll of noise {unknown}
 l - 2 scrolls of revelation
 o - a scroll of fog {unknown}
 r - 3 scrolls of immolation {unknown}
 s - a scroll of vulnerability {unknown}
 w - a scroll of summoning {unknown}
 x - a scroll of silence {unknown}
 z - 2 scrolls of blinking
 B - a scroll of poison {unknown}
 C - a scroll of teleportation
 D - a scroll of enchant armour {unknown}
Potions
 h - a potion of cancellation {unknown}
 j - 4 potions of haste
 m - a potion of might {unknown}
 n - 2 potions of resistance {unknown}
 p - a potion of magic {unknown}
 q - a potion of attraction {unknown}
 v - a potion of curing
 A - a potion of enlightenment {unknown}


   Skills:
 + Level 4.2 Fighting
 - Level 2.0 Dodging
 - Level 0.3 Stealth
 + Level 13.4 Unarmed Combat
 + Level 7.2 Shapeshifting


You had 9 spell levels left.
You didn't know any spells.
Your spell library contained the following spells:

 Spells                   Type           Power      Damage    Failure   Level
 Kiss of Death            Conj/Necr      0%         2d5       34%         1
 Confusing Touch          Hex            0%         N/A       71%         3
 Gell's Gravitas          Tloc           0%         N/A       71%         3
 Teleport Other           Tloc           0%         N/A       71%         3
 Dispel Undead            Necr           0%         3d6       98%         4
 Summon Blazeheart Golem  Fire/Summ      0%         N/A       98%         4
 Dispersal                Tloc           0%         N/A       100%        6
 Haunt                    Necr/Summ      0%         N/A       100%        7
 Orb of Destruction       Conj           0%         9d5       100%        7
 Spellforged Servitor     Conj/Summ      0%         N/A       100%        7
 Borgnjor's Revivificati  Necr           0%         N/A       100%        8
 Death's Door             Necr           0%         N/A       100%        9


Dungeon Overview and Level Annotations

Branches:
Dungeon (9/15)             Temple (1/1) D:7             Orc (0/2) D:9
  Sewer (visited)
   Lair: D:8-11

Altars:
Ashenzari
Cheibriados
Dithmenos
Elyvilon
Fedhas
Gozag
Hepliaklqana
Kikubaaqudgha
Makhleb
Nemelex Xobeh
Okawaru
Qazlal
Ru
Sif Muna
Trog
Uskayaw
Vehumet
Wu Jian
Xom
Yredelemnul
The Shining One

Shops:
D:3 [   D:4 :

Annotations:
D:3 1 runed translucent door, Crazy Yiuf
D:4 1 runed translucent door, occam's ghost, amateur OpSh
D:6 1 runed translucent door, tdog's ghost, novice SpBr


Innate Abilities, Weirdness & Mutations

You are a hulking beast.
Your limbs bulge with bestial killing power. (Slay +4)
You can breathe waves of freezing cold which knock back foes.
Your icy white scales are hard. (AC +7)
You cannot fit into any form of body armour.
Your flesh is cold resistant. (rC+)
You are cold-blooded and may be slowed by cold attacks.


Message History

The hell hound barely misses you.
You punch the hell hound!
The hell hound is heavily wounded.
The fire bat bites you.
You are engulfed in flames!
The hell hound breathes flames at you. The blast of flame hits you!!
* * * LOW HITPOINT WARNING * * *
You are too injured to fight recklessly!
You are too injured to fight recklessly!
Unknown command.
You closely miss the hell hound.
You tail-slap the hell hound, but do no damage.
The hell hound is heavily wounded.
The hell hound completely misses you. The fire bat bites you.
* * * LOW HITPOINT WARNING * * *
You are engulfed in flames!
* * * LOW HITPOINT WARNING * * *
Unknown command.
You barely miss the hell hound.
The hell hound is heavily wounded.
The fire bat misses you.
The hell hound bites you but does no damage.
Unknown command.
You feel better. The fire bat closely misses you. The hell hound bites you.
* * * LOW HITPOINT WARNING * * *
The hell hound bites you.
* * * LOW HITPOINT WARNING * * *
Unknown command.
You closely miss the hell hound.
The hell hound is moderately wounded.
The hell hound breathes flames at you. The blast of flame misses you.
The fire bat bites you.
* * * LOW HITPOINT WARNING * * *
You are engulfed in flames!
* * * LOW HITPOINT WARNING * * *
Unknown command.
You feel yourself speed up. The fire bat bites you.
* * * LOW HITPOINT WARNING * * *
You are engulfed in flames.
You die...

.#....#......# .+....#......#
.#....#......# ....
######...######### #..>.
.....#.P.#.....!.###....#
.....#...#.#...#.#.#....#
......#..+.......'.#....#
......#..+..._..hb..#..>#
.......#.+.....$h'..#...#
...>...#.#.#...#.#...#..#
##'#######.......#...#..# #..#
###########...#..+ #..#
#................#
########................#########
#...........#####+####..........#
#.#.#.#.#...#..#.....+..........#
............'..#.....#..........#


You could see a hell hound (catching breath) and a fire bat.

Vanquished Creatures
  Amaemon (D:8)
  An orange demon (D:8)
  Maggie (D:7)
  A troll (D:8)
  Grinder (D:6)
  2 wyverns
  3 steam dragons
  A water moccasin (D:7)
  3 black bears
  Pargi (Sewer)
  2 orc warriors
  2 sky beasts
  2 ice beasts
  An ogre (D:5)
  2 centaurs
  A phantom (D:6)
  A kobold brigand (D:8)
  4 bullfrogs
  A brain worm (Sewer)
  3 scorpions
  6 wights
  An electric eel (D:7)
  4 jellies
  4 orc priests
  A gnoll bouda (D:9)
  3 hounds
  Jessica (D:3)
  An iguana (D:5)
  10 orc wizards
  A sleepcap (D:5)
  7 adders
  3 shadow imps (D:7)
  5 white imps
  2 ufetubi (D:6)
  A dart slug (D:2)
  26 orcs
  8 ball pythons
  6 endoplasms
  5 giant cockroaches
  12 goblins
  4 hobgoblins
  4 quokkas (D:1)
  6 bats
  A frilled lizard (D:1)
  17 kobolds
  3 rats
176 creatures vanquished.

Vanquished Creatures (others)
  An orc wizard (D:7)
1 creature vanquished.

Grand Total: 177 creatures vanquished

Notes
Turn   | Place    | Note
-------+----------+-------------------------------------------
     0 | D:1      | safid the Draconian Shapeshifter began the quest for the
                  | Orb.
     0 | D:1      | Reached XP level 1. HP: 16/16 MP: 1/1
    94 | D:1      | Reached XP level 2. HP: 23/23 MP: 2/2
   301 | D:1      | Reached XP level 3. HP: 23/28 MP: 3/3
  1226 | D:3      | Reached XP level 4. HP: 32/35 MP: 4/4
  1402 | D:3      | Reached skill level 4 in Unarmed Combat
  1452 | D:3      | Found Kemor's Armour Emporium.
  1459 | D:3      | Noticed Jessica
  1464 | D:3      | Killed Jessica
  1534 | D:3      | Found a runed translucent door.
  1535 | D:3      | Noticed Crazy Yiuf
  1884 | D:4      | Noticed a black bear
  1884 | D:4      | Noticed a black bear
  1884 | D:4      | Found a bloodstained altar of Trog.
  1979 | D:4      | Killed a black bear
  1980 | D:4      | Reached skill level 5 in Unarmed Combat
  1980 | D:4      | Reached XP level 5. HP: 26/40 MP: 5/5
  2038 | D:4      | Killed a black bear
  2039 | D:4      | Reached XP level 6. HP: 32/47 MP: 6/6
  2200 | D:4      | Reached skill level 6 in Unarmed Combat
  2303 | D:4      | Found Bubazo's Book Emporium.
  2408 | D:4      | Found a runed translucent door.
  2408 | D:4      | Noticed occam's ghost (amateur OpSh)
  2633 | D:5      | Entered Level 5 of the Dungeon
  2718 | D:5      | Found a glowing drain.
  2727 | Sewer    | Entered a sewer
  2727 | Sewer    | Noticed Pargi
  2739 | Sewer    | Your scales start taking on an icy white colour.
  2739 | Sewer    | Reached XP level 7. HP: 53/53 MP: 7/7
  2739 | Sewer    | Gained mutation: Your flesh is cold resistant. (rC+) [White
                  | Draconian growth]
  2740 | Sewer    | Killed Pargi
  2741 | Sewer    | Reached skill level 7 in Unarmed Combat
  2809 | Sewer    | Identified the amulet "Osueqam" {Spirit rC+}
  3289 | D:5      | Reached skill level 5 in Shapeshifting
  3784 | D:5      | Reached skill level 8 in Unarmed Combat
  4116 | D:6      | Identified the +2 robe of the Heavens {rC+ Str+4 Archmagi}
  4131 | D:6      | Found a white marble altar of Elyvilon.
  4133 | D:6      | Noticed a steam dragon
  4139 | D:6      | Killed a steam dragon
  4140 | D:6      | Reached XP level 8. HP: 57/62 MP: 6/8
  4312 | D:6      | Found a runed translucent door.
  4313 | D:6      | Noticed tdog's ghost (novice SpBr)
  4417 | D:6      | Found an opulent altar of Gozag.
  4444 | D:6      | Found an ornate altar of the Wu Jian Council.
  4576 | D:6      | Reached skill level 9 in Unarmed Combat
  4604 | D:6      | Noticed Grinder
  4613 | D:6      | Paralysed by Grinder for 5 turns
  4621 | D:6      | Paralysed by Grinder for 3 turns
  4626 | D:6      | Killed Grinder
  4746 | D:6      | Reached skill level 10 in Unarmed Combat
  4882 | D:6      | Found a burning altar of Makhleb.
  4887 | D:6      | Found an ancient bone altar of Kikubaaqudgha.
  5675 | D:7      | Noticed Maggie
  5689 | D:7      | HP: 1/62 [orc warrior/+0 glaive (13)]
  5845 | D:7      | Reached XP level 9. HP: 54/69 MP: 9/9
  6388 | D:7      | Reached skill level 11 in Unarmed Combat
  6691 | D:7      | Found a staircase to the Ecumenical Temple.
  6710 | D:7      | Killed Maggie
  6730 | Temple   | Entered the Ecumenical Temple
  6936 | D:6      | Became a worshipper of the Wu Jian Council
  7622 | D:8      | Found an iron altar of Okawaru.
  7960 | D:8      | Reached skill level 12 in Unarmed Combat
  8256 | D:8      | Found a shadowy altar of Dithmenos.
  8256 | D:8      | Noticed an orange demon
  8256 | D:8      | Noticed Amaemon
  8270 | D:8      | Killed Amaemon
  8271 | D:8      | Reached XP level 10. HP: 47/78 MP: 6/10
  8274 | D:8      | Killed an orange demon
  8458 | D:8      | Found a hazy altar of Hepliaklqana.
  8629 | D:8      | Reached skill level 13 in Unarmed Combat
  8885 | D:9      | Found a staircase to the Orcish Mines.
  8916 | D:9      | Reached * piety under Wu Jian
  9248 | D:9      | Found a hide-covered altar of Uskayaw.
  9415 | D:9      | Found a shimmering altar of Xom.
  9429 | D:9      | Slain by a fire bat

Illustrated notes

Levels and vault maps discovered:
D:1:      minmay_arrival_four_houses, layout_rooms
D:2:      layout_rooms, nicolae_the_louvre
D:3:      kennysheep_the_goblin_king, layout_loops_ring, serial_shops, shop,
          uniq_crazy_yiuf_cottage, uniq_jessica
D:4:      layout_cave_pools, trog_ov_bears_minmay,
          hellmonk_ghost_happy_afterlife, serial_shops, shop
D:5:      layout_basic, cheibrodos_sewer_entry_drain,
          chequers_serial_rivers_room_a, lemuel_flamethrower_2
D:6:      layout_layer_cave, chequers_temple_overflow_statue_of_worship,
          elyvilon_altar_5, mainiacjoe_overflow_two_lobes, serial_rivers,
          chequers_serial_rivers_large_b, chequers_serial_rivers_small_a,
          chequers_serial_rivers_micro_d, chequers_serial_rivers_marsh,
          chequers_serial_rivers_micro_d, ebering_ghost_sewer_d,
          kennysheep_generic_room_2, uniq_grinder
D:7:      layout_basic, minmay_temple_entry_glassed_door,
          minmay_misc_feat_columns, st_stairs_4,
          nicolae_kite_square_tiling_tiny, uniq_maggie
D:8:      layout_loops_ring, lemuel_round_altar, okawaru_metal_pillars_1_2,
          mainiacjoe_overflow_catwalk, uniq_amaemon
D:9:      layout_gridville, regret_index_xom_of_box, nicolae_uskayaw_suspiria,
          minmay_orc_entry_temple_small, corner_web_ring, st_stairs_13,
          nicolae_elevator_lobby_plus
Temple:   eino_wide_crystal_templ

Skill      XL: |  1  2  3  4  5  6  7  8  9 10 |
---------------+-------------------------------+-----
Dodging        | 2 |  2.0
Unarmed Combat | 5 6 8 10 12 13 | 13.4
Shapeshifting  | 4 5 6 7 |  7.2
Fighting       | 2 3 4 |  4.2
Stealth        | |  0.3

Action                     |  1- 3 |  4- 6 |  7- 9 | 10-12 || total
---------------------------+-------+-------+-------+-------++-------
  Melee: Unarmed           |   122 |    86 |   261 |    68 ||   537
         Tailslap          |    10 |    12 |    33 |     7 ||    62
         Punch             |     1 |     4 |    20 |     3 ||    28
Ability: Lunge             |       |       |     5 |     7 ||    12
    Use: Potion            |       |     1 |     6 |     2 ||     9
         Scroll            |       |       |     8 |       ||     8
 Armour: Skin              |    76 |    48 |   189 |    47 ||   360
  Dodge: Dodged            |    87 |    43 |   135 |    38 ||   303
  Block: Other             |     1 |    13 |     2 |       ||    16
